 Dungeon Crawl Stone Soup version 0.29-a0-557-g43b9904bd1 (webtiles) character file.

Game seed: 7177271799791498782

1501880 xSliceyx the Conqueror (level 27, 89/207 (228) HPs)
             Began as a Djinni Ice Elementalist on June 6, 2022.
             Was the Champion of Makhleb.
             Escaped with the Orb
             ... and 3 runes on June 8, 2022!
             The game lasted 08:06:05 (90350 turns).

xSliceyx the Conqueror (Djinni Ice Elementalist)   Turns: 90350, Time: 08:06:06

HP:   89/207 (228)  AC: 13    Str: 10 (11) XL:     27
Gold: 4059          EV: 18    Int: 36      God:    Makhleb [******] SH: 20 Dex: 11

rFire   + + +      SeeInvis +   L - staff of conjuration
rCold   + . .      Faith    .   G - +2 shield of Resistance {rF++ rC++ Will++}
rNeg    . . .      Spirit   .   l - +3 robe of Clouds {*Thunder rCloud rElec}
rPois   ∞          Reflect  +   (helmet restricted)
rElec   +          Harm     .   r - +2 cloak
rCorr   +          Rampage  .   z - +0 pair of gloves "Gitasch" {rF- Will++ rCorr}
Will    +++++                   (boots unavailable)
Stlth   +.........              I - amulet of reflection
HPRegen 0.44/turn               w - ring "Mema" {Wiz Int+9 Dex-3}
MPRegen 0.00/turn               V - ring of Poppuetsum {rElec AC+4 SInv}

@: flying, studying Slings, drained
A: sickness immunity, fire resistance 2, cold vulnerability 1, float, innate
caster, HP casting, extra vitality 1, antennae 1, camouflage 1, clumsy 1,
deterioration 1, strong 1, evolution 1
0: Orb of Zot
}: 3/15 runes: serpentine, barnacled, silver
a: Renounce Religion, Minor Destruction, Lesser Servant of Makhleb, Major
Destruction, Greater Servant of Makhleb


You escaped.
You worshipped Makhleb.
Makhleb was exalted by your worship.
You visited 10 branches of the dungeon, and saw 49 of its levels.
You also visited: Ossuary, Bailey, Gauntlet, Ice Cave and Wizlab.

You collected 11238 gold pieces.
You spent 7179 gold pieces at shops.

Inventory:

Hand Weapons
 t - the +7 Throatcutter {drain, coup de grace}
   (You took it off a deep elf knight on level 3 of the Elven Halls)

   A truly terrible weapon, it drains the life of any living foe it strikes.
   It may instantly kill foes which have little health.
 J - a +5 eudemon blade of holy wrath
 Q - the +4 spear "Juteqov" {flame, rN+ Will+}
   (You bought it in a shop on level 3 of the Elven Halls)

   It burns those it strikes, dealing additional fire damage.
   rN:        It protects you from negative energy.
   Will:      It increases your willpower.
Missiles
 j - 8 throwing nets
 v - 12 silver javelins
 H - 11 curare-tipped darts
Armour
 l - the +3 robe of Clouds (worn) {*Thunder rCloud rElec}
   (You found it on level 2 of the Vaults)

   It occasionally creates storm clouds above nearby enemies.
   It grants its wearer immunity to clouds.
   rElec:     It insulates you from electricity.
 r - a +2 cloak (worn)
 x - a +2 robe of cold resistance
 z - the +0 pair of gloves "Gitasch" (worn) {rF- Will++ rCorr}
   (You acquired it on level 4 of the Shoals)

   rF:        It makes you vulnerable to fire.
   rCorr:     It protects you from acid and corrosion.
   Will:      It greatly increases your willpower.
 D - the +1 helmet "Vaklu" {+Blink rN+ Str-5 Dex+4}
   (You found it on level 3 of the Elven Halls)

   Str:       It affects your strength (-5).
   Dex:       It affects your dexterity (+4).
   rN:        It protects you from negative energy.
   +Blink:    It lets you blink.
 G - the +2 shield of Resistance (worn) {rF++ rC++ Will++}
   (You found it on level 3 of the Elven Halls)

   rF:        It greatly protects you from fire.
   rC:        It greatly protects you from cold.
   Will:      It greatly increases your willpower.
Magical Staves
 L - a staff of conjuration (weapon)
Jewellery
 h - the ring of the Lily {Int+6 Dex+3 Slay+3}
   (You took it off a deep elf knight on level 3 of the Elven Halls)

   [ring of intelligence]

   Int:       It affects your intelligence (+6).
   Dex:       It affects your dexterity (+3).
   Slay:      It affects your accuracy & damage with ranged weapons and melee
   (+3).
 w - the ring "Mema" (left hand) {Wiz Int+9 Dex-3}
   (You acquired it on level 4 of the Vaults)

   [ring of wizardry]

   It improves your spell success rate.
   Int:       It affects your intelligence (+9).
   Dex:       It affects your dexterity (-3).
 I - an amulet of reflection (around neck)
 V - the ring of Poppuetsum (right hand) {rElec AC+4 SInv}
   (You found it on level 3 of the Lair of Beasts)

   [ring of protection]

   AC:        It affects your AC (+4).
   rElec:     It insulates you from electricity.
   SInv:      It lets you see invisible.
Wands
 d - a wand of digging (4)
 A - a wand of flame (130)
 M - a wand of acid (25)
 W - a wand of iceblast (45)
Scrolls
 e - 5 scrolls of summoning
 g - 11 scrolls of poison
 k - 8 scrolls of magic mapping
 m - 19 scrolls of teleportation
 o - 6 scrolls of enchant armour
 q - 4 scrolls of blinking
 B - 12 scrolls of fear
 K - 7 scrolls of enchant weapon
 P - 3 scrolls of immolation
 Y - 14 scrolls of fog
Potions
 a - 6 potions of brilliance
 b - 17 potions of heal wounds
 c - 7 potions of mutation
 f - 16 potions of might
 i - 2 potions of haste
 n - 8 potions of invisibility
 p - 4 potions of ambrosia
 s - 12 potions of cancellation
 u - 10 potions of berserk rage
 C - 15 potions of curing
 E - 13 potions of lignification
 S - 4 potions of resistance
Miscellaneous
 F - a lightning rod (4/4)


   Skills:
 O Level 27 Fighting
 - Level 18.9 Dodging
 - Level 1.5 Stealth
 - Level 16.1 Shields
 + Level 24.8 Spellcasting
 - Level 14.2 Invocations
 - Level 6.0 Evocations


You couldn't memorise any spells.
You knew the following spells:

 Your Spells              Type           Power      Damage    Failure   Level
a - Freeze                Ice            100%       1d11      0%          1
b - Frozen Ramparts       Ice            100%       1d12      0%          3
c - Ozocubu's Armour      Ice            100%       N/A       0%          3
d - Hailstorm             Conj/Ice       100%       3d20      0%          4
e - Shock                 Conj/Air       100%       1d9       0%          1
f - Ensorcelled Hibernat  Hex/Ice        100%       N/A       0%          2
g - Stone Arrow           Conj/Erth      100%       3d13      0%          3
h - Iskenderun's Mystic   Conj/Tloc      100%       2d19      0%          4
i - Summon Lightning Spi  Summ/Air       100%       N/A       0%          4
j - Iskenderun's Battles  Conj           100%       2d15      0%          5
k - Simulacrum            Ice/Necr       61%        N/A       0%          6
l - Starburst             Conj/Fire      73%        6d19      0%          6
m - Eringya's Noxious Bo  Tmut/Pois      61%        N/A       0%          6
n - Lehudib's Crystal Sp  Conj/Erth      73%        10d17     1%          8
o - Maxwell's Capacitive  Air            61%        ∞         1%          8
p - Summon Horrible Thin  Summ           61%        N/A       1%          8
q - Shatter               Erth           61%        3d45*     1%          9
Your spell library was empty.

Dungeon Overview and Level Annotations

Branches:
Dungeon (15/15)            Temple (1/1) D:4            Lair (6/6) D:11
 Shoals (4/4) Lair:4        Snake (4/4) Lair:2        Slime (0/5) Lair:6
    Orc (2/2) D:11            Elf (3/3) Orc:2        Vaults (5/5) D:14
  Crypt (0/3) Vaults:2     Depths (4/4) D:15            Zot (5/5) Depths:4
Ossuary (visited)          Bailey (visited)           IceCv (visited)
 WizLab (visited)         Gauntlet (visited)

Altars:
Ashenzari
Cheibriados
Dithmenos
Elyvilon
Fedhas
Gozag
Hepliaklqana
Kikubaaqudgha
Makhleb
Nemelex Xobeh
Okawaru
Qazlal
Ru
Sif Muna
Trog
Uskayaw
Vehumet
Wu Jian
Xom
Yredelemnul
Zin
The Shining One
Beogh

Shops:
D:4 [   D:7 *   D:8 *   D:11 [   D:14 :   Orc:2 :[*?   Elf:1 (   Elf:3 (
Snake:2 ?[:   Snake:3 !=   Snake:4 *   Vaults:1 *   Vaults:5 !?!!![!
Depths:4 *[

Portals:
Hell: Depths:1 Depths:2 Depths:3 Depths:4
Abyss: Depths:1 Depths:3 Depths:4
Pandemonium: Orc:2 Depths:2
Ziggurat: Depths:1

Annotations:
D:12 2 transporters, snetch's ghost, journeyman MiBe
Lair:2 3 runed translucent doors, Guvu Tong's ghost, journeyman MiBe; Taurus's ghost, novice MiFi; Wyjoucal's ghost, journeyman OpEE; jujuben's ghost, journeyman MfGl
Shoals:4 6 transporters
Snake:2 Roxanne


Innate Abilities, Weirdness & Mutations

You are immune to sickness and miasma.
You are immune to poison.
Your flesh is very heat resistant. (rF++)
You are vulnerable to cold. (rC-)
You float through the air rather than walking.
You learn spells naturally, not from books.
Your magical power is your life essence.
You have superior vitality. (+4 MHP)
You have a pair of small antennae on your head.
Your skin changes colour to match your surroundings (Stealth+).
You are clumsy. (Dex -2)
Your body sometimes deteriorates upon taking damage.
Your muscles are strong. (Str +2)
You have hidden genetic potential.


Message History

A mysterious force pulls you upwards. The hatch slams shut behind you.
You see here a +0 dagger.
There is a stone staircase leading up here.
You fly upwards.
There is a stone staircase leading down here.
There is an open door here.
There is a stone staircase leading up here.
You fly upwards.
There is a stone staircase leading down here.
There is a stone staircase leading up here.
You fly upwards.
There is a stone staircase leading down here.
A Leusost, an Ice Fiend, a small abomination and an ice devil come into view.
Blink to where?
Press: ? - help, Dir - move target
As you read the scroll of blinking, it crumbles to dust.
The Ice Fiend moves out of view.
The small abomination moves out of view.
The ice devil moves out of view.
Casting: Lehudib's Crystal Spear (mildly dangerous; 1% risk of failure)
Confirm with . or Enter, or press ? or * to list all spells.
You begin accumulating electric charge. (Press . to continue charging.)
You feel charge building up...
You feel charge building up... Leusost gestures at you.
Leusost conjures a mighty blast of ice!
The great icy blast engulfs you!! You partially resist.
Your body deteriorates!
You feel weakened.
You are encased in ice.
You feel charge building up...
The Ice Fiend calls on the powers of darkness!
Your body is wracked with pain!
The electricity discharges through Leusost!
Leusost vaporises in an electric haze!
You kill Leusost!
Makhleb accepts your kill. The ice encasing you melts away.
The small abomination is engulfed in freezing vapours.
There is a staircase leading out of the dungeon here.
You have escaped!

#######.##.#.# #.....#
####............###.....#
##....#.....#..##(.......#
#.....##...##.....#.##...#
#.....###.###.....#.##...#
#..#### #.# ####..#......#
########...## ##.## ##......##..#
...[........###.#.###....#..#...#
#####.###......#@#...............
#####.###...###x#.###....##.....#
##.........## ##.## ##..#####..##
##.##.##..#### #.# ####.# #.##
##.##........###x###....# #.#
......##.#...##☼§.##...## #.#
##.##.##.#...#§§...#.#.# ##.##
#.##.##....§x°........# #...#
#.##.#####.§§.........## #...#


You could see a small abomination.

Vanquished Creatures
  2 dread liches
  An ancient lich (Vaults:5)
  Mennas (Vaults:4)
  3 orbs of fire
  A pandemonium lord (D:1)
  A juggernaut (Depths:3)
  Vv (Zot:2)
  4 Killer Klowns
  Bai Suzhen (Snake:4)
  The ghost of AgonHex the Hoplite, a veteran HOFi of Qazlal (Vaults:2)
  5 curse toes
  Xtahua (Depths:3)
  Vashnia (Snake:4)
  The ghost of Camit the Hoplite, a veteran HOFi of Qazlal (Vaults:4)
  A caustic shrike (Depths:2)
  10 golden dragons
  Jory (Depths:3)
  An electric golem (Zot:5)
  Rupert (Lair:5)
  2 liches
  15 tentacled monstrosities
  7 titans (Vaults:5)
  21 Orb Guardians
  3 deep elf blademasters
  A deep elf master archer (Elf:3)
  13 quicksilver dragons
  An Executioner (WizLab)
  10 sphinxes
  A kraken (Shoals:4)
  5 death cobs
  6 shadow dragons
  6 draconian monks
  5 tengu reavers
  15 storm dragons
  9 fire giants
  6 nagarajas (Snake:4)
  4 draconian knights
  8 frost giants
  2 orc warlords
  22 vault wardens
  5 deep elf sorcerers
  3 iron dragons
  2 balrugs (WizLab)
  2 draconian shifters (Zot:5)
  2 ghost moths
  Aizul (Snake:4)
  4 deep elf elementalists (Elf:3)
  2 draconian stormcallers
  4 draconian scorchers
  14 very ugly things
  A caustic shrike skeleton (Depths:1)
  13 stone giants
  A reaper (WizLab)
  16 ironbound preservers
  11 war gargoyles
  A quicksilver ooze (IceCv)
  6 draconian annihilators
  8 ironbound thunderhulks
  A stone giant (shapeshifter) (Vaults:5)
  3 vampire knights (Depths:3)
  Nessos (Orc:2)
  2 green draconians
  7 black draconians
  A minotaur (Gauntlet)
  14 yellow draconians
  6 deep elf demonologists
  Azrael (D:13)
  3 entropy weavers
  4 deep elf annihilators (Elf:3)
  31 purple draconians
  A spectral titan (Vaults:4)
  13 white draconians
  7 red draconians
  5 spark wasps
  A spark wasp (shapeshifter) (Depths:3)
  2 crystal guardians
  6 dire elephants
  16 ettins
  A blizzard demon (WizLab)
  5 deep elf high priests
  2 green deaths (WizLab)
  7 merfolk javelineers
  2 jiangshi (Depths:1)
  6 deep elf death magi
  7 merfolk impalers
  9 fire dragons
  5 great orbs of eyes
  7 hydras
  21 yaktaur captains
  5 peacekeepers
  36 vault guards
  4 boulder beetles
  6 ice dragons
  2 rakshasas
  3 demonspawn (Orc:2)
  6 spriggan air magi
  12 anacondas
  A salamander tyrant (Snake:4)
  A radroach (shapeshifter) (Vaults:5)
  An alligator snapping turtle (Shoals:2)
  5 merfolk avatars
  6 ironbound frosthearts
  9 centaur warriors
  16 naga warriors
  2 ogre magi (Vaults:5)
  2 merfolk aquamancers
  29 dancing weapons
  A catoblepas (D:11)
  4 two-headed ogres
  2 spectral humans (Vaults:4)
  6 tengu warriors
  4 orc high priests
  5 deep troll shamans
  A spectral fire giant (Vaults:4)
  Urug (D:11)
  2 vampire magi
  5 deep troll earth magi
  6 spriggan berserkers
  5 hell knights (Depths:1)
  2 soul eaters
  A spriggan (Depths:4)
  18 deep elf knights
  13 death yaks
  2 sun demons (WizLab)
  11 naga sharpshooters
  5 shock serpents
  3 salamander mystics
  2 sixfirhies (Gauntlet)
  5 flayed ghosts
  9 skeletal warriors
  A spectral yaktaur (Vaults:4)
  58 deep trolls
  5 iron trolls
  11 sea snakes
  2 orange crystal statues
  An orb spider (shapeshifter) (Vaults:1)
  4 glowing orange brains
  Pikel (D:7)
  8 naga ritualists
  23 ironbound convokers
  2 large abominations (Elf:1)
  10 wizards
  7 necromancers
  7 lindwurms
  21 harpies
  10 deep elf archers
  2 wolf spiders
  36 deep elf pyromancers
  21 deep elf zephyrmancers
  14 orc knights
  8 phantasmal warriors
  48 ugly things
  8 cyclopes
  9 mana vipers
  14 fauns
  11 oklob plants (Zot:1)
  36 salamanders
  20 manticores
  7 orc sorcerers (Orc:2)
  Maurice (Orc:2)
  A salamander (shapeshifter) (Elf:2)
  A fire giant skeleton (Vaults:2)
  33 black mambas
  20 moths of wrath
  11 merfolk sirens
  2 rust devils
  4 water nymphs
  28 vault sentinels
  An ice statue (IceCv)
  12 elephants
  3 gargoyles
  A cane toad (shapeshifter) (Vaults:5)
  2 smoke demons (WizLab)
  A torpor snail (shapeshifter) (Vaults:5)
  A spectral elf (Vaults:4)
  4 guardian serpents
  17 naga magi
  9 cane toads
  2 unseen horrors
  2 kobold demonologists
  Maggie (D:7)
  A hellion (Zot:5)
  8 komodo dragons
  2 minotaur zombies (Gauntlet)
  A komodo dragon (shapeshifter) (D:15)
  33 yaktaurs
  2 yaktaur skeletons (Vaults:2)
  An efreet (Depths:2)
  3 freezing wraiths
  3 rime drakes
  A golden dragon simulacrum (Vaults:4)
  A spectral glowing shapeshifter (Vaults:4)
  A hellwing (Orc:2)
  2 ice devils (WizLab)
  3 tengu conjurers
  A spriggan skeleton (Depths:1)
  6 trolls
  A merfolk (shapeshifter) (Vaults:5)
  2 polar bears
  3 meliai (Gauntlet)
  29 merfolk
  2 wind drakes (shapeshifter)
  3 hornets
  Prince Ribbit (D:5)
  2 blink frogs (Lair:2)
  4 wind drakes
  10 dream sheep
  39 slime creatures
  A culicivora (Vaults:2)
  3 air elementals
  13 snapping turtles
  A shadow (D:6)
  A vampire (D:13)
  A spriggan (shapeshifter) (D:13)
  A deep troll skeleton (Vaults:2)
  A ynoxinul (WizLab)
  7 fire elementals
  A yak (shapeshifter) (D:14)
  26 water elementals
  8 wraiths
  A wyvern (Lair:3)
  An ettin skeleton (Vaults:2)
  6 basilisks
  49 yaks
  A neqoxec (WizLab)
  17 humans
  A spriggan simulacrum (Depths:1)
  Menkaure (D:7)
  2 chaos spawn
  2 human simulacra (Vaults:4)
  14 vampire mosquitoes
  6 redbacks
  10 wargs
  16 water moccasins
  39 nagas
  A demonic crawler simulacrum (IceCv)
  A tengu skeleton (Depths:1)
  3 acid dragons
  A floating eye (shapeshifter) (Vaults:5)
  An ogre skeleton (Vaults:2)
  55 orc warriors
  2 sky beasts
  2 ugly thing simulacra (IceCv)
  5 black bears
  4 hell hounds (D:13)
  3 boggarts (Vaults:2)
  2 ice beasts
  6 ogres
  20 centaurs
  19 wolves
  5 elf zombies
  6 human skeletons (Vaults:2)
  3 lemures (D:7)
  A phantom (D:6)
  6 kobold brigands
  7 bullfrogs
  2 gnoll sergeants
  4 earth elementals
  2 glowing shapeshifter simulacra (IceCv)
  A necrophage (D:4)
  11 wights
  20 killer bees
  2 electric eels (Lair:4)
  6 howler monkeys
  2 human zombies (Ossuary)
  3 quasits (D:5)
  2 jellies
  Crazy Yiuf (D:4)
  A gnoll shaman (D:6)
  22 orc priests
  2 hounds
  2 iguanas
  Terence (D:2)
  27 orc wizards
  5 hell rats (Lair:3)
  A hound zombie (Ossuary)
  5 mummies
  11 adders
  4 gnolls
  2 shadow imps
  3 white imps
  An adder zombie (Ossuary)
  4 worms
  The ghost of DocClef the Covert, a weakling GnDe (D:5)
  4 dart slugs
  86 orcs
  5 bats
  6 endoplasms
  2 giant cockroaches
  3 gnoll zombies (Ossuary)
  12 goblins
  9 hobgoblins
  9 jackals
  26 kobolds
  4 quokkas
  8 ball pythons
  6 frilled lizards
  A hobgoblin zombie (Ossuary)
  8 rats
  A rat zombie (Ossuary)
  A butterfly (D:4)
  3 tentacles (Shoals:4)
2204 creatures vanquished.

Vanquished Creatures (collateral kills)
  Ilsuiw (Shoals:2)
  A frost giant (Depths:3)
  An azure jelly (IceCv)
  A deep elf elementalist (Elf:3)
  A stone giant (Depths:3)
  A quicksilver ooze (IceCv)
  A deep elf annihilator (Elf:3)
  A yaktaur captain (Vaults:3)
  Josephine (Orc:2)
  4 boulder beetles
  A great orb of eyes (Vaults:3)
  A hydra (Lair:1)
  An ice dragon (Depths:3)
  A catoblepas (Lair:6)
  2 centaur warriors
  A naga warrior (Snake:3)
  An anaconda (Snake:4)
  8 death yaks
  An ironbound frostheart (Vaults:1)
  3 deep troll shamans
  A two-headed ogre (D:11)
  A deep troll earth mage (Depths:3)
  An orc high priest (Orc:2)
  2 skeletal warriors (D:11)
  A deep troll (Vaults:1)
  A sea snake (Shoals:4)
  2 naga ritualists
  A deep elf archer (Elf:2)
  A wizard (Vaults:3)
  An orc knight (Orc:2)
  An ugly thing (D:14)
  An ironbound convoker (Vaults:1)
  An oklob plant (Lair:6)
  2 manticores
  A mana viper (shapeshifter) (Elf:3)
  A salamander (Snake:1)
  A faun (Shoals:3)
  2 cyclopes
  The ghost of Gelos the Skirmisher, a novice MiGl of Okawaru (D:6)
  2 merfolk sirens (Shoals:2)
  3 elephants
  A minotaur zombie (Gauntlet)
  An ice statue (IceCv)
  A cane toad (Lair:5)
  A rime drake (Lair:5)
  A tormentor (WizLab)
  A yaktaur (Vaults:1)
  An entropy weaver simulacrum (IceCv)
  4 komodo dragons
  5 merfolk
  A wind drake (Shoals:4)
  6 slime creatures (IceCv)
  2 blink frogs (Lair:2)
  2 dream sheep (Shoals:2)
  2 wraiths (D:11)
  8 yaks
  A wyvern (D:11)
  A basilisk (Lair:2)
  A warg (Orc:2)
  2 vampire mosquitoes
  3 nagas
  3 demonic crawler simulacra (IceCv)
  3 water moccasins
  3 orc warriors (Orc:2)
  4 wolves
  2 ugly thing simulacra (IceCv)
  4 centaurs
  2 bullfrogs (Lair:5)
  A glowing shapeshifter simulacrum (IceCv)
  5 killer bees
  4 orc priests (Orc:2)
  3 orc wizards
  A hell rat (Lair:3)
  3 gnolls (D:9)
  6 orcs
  3 kobolds (D:10)
153 creatures vanquished.

Vanquished Creatures (others)
  A deep elf pyromancer (Elf:2)
  A kobold (D:12)
  60 fungi
  97 plants
  A tentacle (Shoals:4)
  2 withered plants (Lair:2)
162 creatures vanquished.

Grand Total: 2519 creatures vanquished

Notes
Turn   | Place    | Note
-------+----------+-------------------------------------------
     0 | D:1      | xSliceyx the Djinni Ice Elementalist began the quest for
                  | the Orb.
     0 | D:1      | Reached XP level 1. HP: 15/15 MP: 0/0
   374 | D:1      | Reached XP level 2. HP: 17/21 MP: 0/0
   535 | D:1      | Found a faded altar of an unknown god.
  1095 | D:1      | Reached XP level 3. HP: 24/25 MP: 0/0
  1095 | D:1      | Learned a level 1 spell: Shock
  1303 | D:2      | Reached XP level 4. HP: 9/31 MP: 0/0
  1460 | D:2      | Noticed Terence
  1531 | D:2      | Killed Terence
  1945 | D:2      | Reached XP level 5. HP: 31/35 MP: 0/0
  1945 | D:2      | Learned a level 2 spell: Ensorcelled Hibernation
  2789 | D:3      | Reached skill level 5 in Spellcasting
  2860 | D:3      | Found a blossoming altar of Fedhas.
  3107 | D:4      | Found Qeamel's Antique Armour Emporium.
  3111 | D:4      | Bought an ichor-stained leather armour for 133 gold pieces
  3111 | D:4      | Identified the +1 leather armour "Lecseguecs" {rPois Str+3
                  | Int-4} (You bought it in a shop on level 4 of the Dungeon)
  3128 | D:4      | Reached XP level 6. HP: 37/40 MP: 0/0
  3241 | D:4      | Identified the +8 long sword of Zurusarch {vorpal, Str+6}
  3285 | D:4      | Found a runed translucent door.
  3286 | D:4      | Noticed Crazy Yiuf
  3320 | D:4      | Found a staircase to the Ecumenical Temple.
  3326 | Temple   | Entered the Ecumenical Temple
  3720 | D:4      | Noticed a black bear
  3729 | D:4      | Killed a black bear
  4040 | D:4      | Noticed an ogre
  4047 | D:4      | Killed an ogre
  4048 | D:4      | Reached XP level 7. HP: 11/45 MP: 0/0
  4048 | D:4      | Learned a level 3 spell: Stone Arrow
  4426 | D:4      | Found a broken altar of Ashenzari.
  4580 | D:4      | Killed Crazy Yiuf
  4679 | D:5      | Entered Level 5 of the Dungeon
  4795 | D:5      | Found a transporter.
  4820 | D:5      | Noticed DocClef's ghost (weakling GnDe)
  4878 | D:5      | Reached XP level 8. HP: 31/50 MP: 0/0
  5177 | D:5      | Noticed Prince Ribbit
  5189 | D:5      | Killed Prince Ribbit
  5565 | D:5      | Found a transporter.
  5808 | D:6      | Reached XP level 9. HP: 19/55 MP: 0/0
  5808 | D:6      | Learned a level 4 spell: Iskenderun's Mystic Blast
  5817 | D:6      | Found a runed translucent gate.
  5818 | D:6      | Found a runed translucent gate.
  5818 | D:6      | Found an opulent altar of Gozag.
  5819 | D:6      | Found a runed translucent gate.
  5820 | D:6      | Noticed Gelos's ghost (novice MiGl)
  5821 | D:6      | Noticed a cyclops
  5878 | D:6      | Found a sand-covered staircase.
  5931 | Ossuary  | Entered an ossuary
  5952 | Ossuary  | Reached skill level 2 in Fighting
  5958 | Ossuary  | Reached skill level 3 in Fighting
  6417 | D:4      | Bought a pair of glowing gloves for 142 gold pieces
  6485 | D:6      | Reached skill level 4 in Fighting
  6540 | D:6      | Found a white marble altar of Elyvilon.
  6776 | D:6      | Reached skill level 5 in Fighting
  7257 | D:6      | Reached skill level 6 in Fighting
  7455 | D:6      | Found a burning altar of Makhleb.
  7572 | D:6      | Became a worshipper of Makhleb the Destroyer
  7968 | D:7      | Noticed a hornet
  7975 | D:7      | Killed a hornet
  7976 | D:7      | Reached skill level 7 in Fighting
  7976 | D:7      | Reached XP level 10. HP: 61/75 MP: 0/0
  8102 | D:7      | Reached skill level 8 in Fighting
  8145 | D:7      | Noticed Menkaure
  8164 | D:7      | Killed Menkaure
  8641 | D:7      | Noticed Pikel
  8650 | D:7      | Killed Pikel
  8651 | D:7      | Reached skill level 9 in Fighting
  9024 | D:7      | Found Romm's General Store.
  9032 | D:7      | Bought a potion of brilliance for 40 gold pieces
  9032 | D:7      | Bought a potion of ambrosia for 80 gold pieces
  9267 | D:7      | Noticed Maggie
  9276 | D:7      | Killed Maggie
  9277 | D:7      | Reached skill level 10 in Fighting
  9478 | D:8      | Found Ciblicu's Serpentskin Sales.
  9497 | D:8      | Reached * piety under Makhleb
  9508 | D:8      | Found a flagged portal.
  9537 | Bailey   | Entered a bailey
  9821 | Bailey   | Reached skill level 11 in Fighting
 10037 | Bailey   | Identified the +0 scale mail "Bige" {+Inv Slay+4 Stlth+}
 10291 | D:8      | Bought 5 curare-tipped darts for 30 gold pieces
 10409 | D:8      | Found a glowing silver altar of Zin.
 10624 | D:8      | Reached XP level 11. HP: 67/87 MP: 0/0
 10624 | D:8      | Learned a level 4 spell: Summon Lightning Spire
 11010 | D:9      | Found a stormy altar of Qazlal.
 11022 | D:9      | Reached ** piety under Makhleb
 11333 | D:9      | Found a faded altar of an unknown god.
 11333 | D:9      | Found a faded altar of an unknown god.
 11335 | D:9      | Found a hazy altar of Hepliaklqana.
 11362 | D:9      | Reached skill level 12 in Fighting
 11468 | D:9      | Found a sacrificial altar of Ru.
 11517 | D:9      | Found a glowing golden altar of the Shining One.
 11560 | D:9      | Found an ornate altar of the Wu Jian Council.
 12127 | D:10     | Entered Level 10 of the Dungeon
 12198 | D:10     | Noticed a two-headed ogre
 12407 | D:10     | Noticed an orange crystal statue
 12722 | D:10     | Reached skill level 13 in Fighting
 12878 | D:10     | Killed a two-headed ogre
 13049 | D:10     | Found a sparkling altar of Nemelex Xobeh.
 13238 | D:10     | Reached *** piety under Makhleb
 13645 | D:10     | Noticed a two-headed ogre
 14162 | D:11     | Found an iron altar of Okawaru.
 14203 | D:11     | Noticed a two-headed ogre
 14209 | D:11     | Killed a two-headed ogre
 14210 | D:11     | Reached skill level 5 in Dodging
 14228 | D:11     | Noticed a two-headed ogre
 14235 | D:11     | Killed a two-headed ogre
 14297 | D:11     | Reached XP level 12. HP: 88/98 MP: 0/0
 14381 | D:11     | Noticed a two-headed ogre
 14414 | D:11     | Killed a two-headed ogre
 14460 | D:11     | Noticed Urug
 14470 | D:11     | Killed Urug
 14713 | D:11     | Noticed a boulder beetle
 15401 | D:11     | Noticed a catoblepas
 15404 | D:11     | Noticed an eight-headed hydra
 15404 | D:11     | Noticed a tengu warrior
 15633 | D:11     | Killed a tengu warrior
 15634 | D:11     | Reached skill level 10 in Dodging
 15761 | D:11     | Found a staircase to the Lair.
 15778 | D:11     | Killed a catoblepas
 15826 | Lair:1   | Entered Level 1 of the Lair of Beasts
 16070 | D:11     | Killed a boulder beetle
 16200 | D:11     | Reached **** piety under Makhleb
 16677 | D:11     | Found a staircase to the Orcish Mines.
 16679 | D:11     | Found Ammagij's Armour Shoppe.
 16698 | D:11     | Noticed a skeletal warrior
 16700 | D:11     | Noticed a skeletal warrior
 16723 | D:11     | Killed a skeletal warrior
 16724 | D:11     | Killed a skeletal warrior
 16884 | D:11     | Noticed a skeletal warrior
 16903 | D:11     | Killed a skeletal warrior
 16907 | D:11     | Noticed a skeletal warrior
 16920 | D:11     | Noticed a skeletal warrior
 16932 | D:11     | Killed a skeletal warrior
 16933 | D:11     | Reached XP level 13. HP: 89/103 MP: 0/0
 16933 | D:11     | Learned a level 5 spell: Iskenderun's Battlesphere
 17036 | D:11     | Killed an eight-headed hydra
 17824 | Lair:1   | Reached skill level 1 in Shields
 18392 | Lair:1   | Noticed a four-headed hydra
 18402 | Lair:1   | Killed a four-headed hydra
 19146 | Lair:2   | Found a runed translucent gate.
 19146 | Lair:2   | Found a runed translucent gate.
 19147 | Lair:2   | Found a runed translucent gate.
 19148 | Lair:2   | Noticed jujuben's ghost (journeyman MfGl)
 19148 | Lair:2   | Noticed Guvu Tong's ghost (journeyman MiBe)
 19149 | Lair:2   | Noticed Wyjoucal's ghost (journeyman OpEE)
 19149 | Lair:2   | Noticed Taurus's ghost (novice MiFi)
 19333 | D:5      | Killed DocClef's ghost
 19407 | D:5      | Identified the +9 spear "Mumpeicw" {vorpal, rCorr Str+2}
 19980 | D:6      | Killed Gelos's ghost
 20259 | D:7      | Bought a wand of acid (3) for 140 gold pieces
 20436 | Lair:3   | Reached skill level 10 in Spellcasting
 20511 | Lair:3   | Found a frozen archway.
 20549 | IceCv    | Entered an ice cave
 20980 | IceCv    | Noticed a quicksilver ooze
 20987 | IceCv    | Killed a quicksilver ooze
 21701 | IceCv    | Reached ***** piety under Makhleb
 22083 | IceCv    | Reached XP level 14. HP: 72/110 MP: 0/0
 22336 | IceCv    | Found a viscous altar of Jiyva.
 22336 | IceCv    | Noticed an azure jelly
 22342 | IceCv    | Killed an azure jelly
 22391 | IceCv    | Noticed a quicksilver ooze
 22395 | IceCv    | Killed a quicksilver ooze
 22413 | IceCv    | Got the +10 whip of Awkwardness {freeze, rElec rF+ Str+2
                  | Stlth-}
 22613 | Lair:3   | Identified the amulet of Hibebama {Faith rC+ Stlth+}
 22616 | Lair:3   | Identified the ring of Poppuetsum {rElec AC+4 SInv}
 23536 | Lair:4   | Found a staircase to the Shoals.
 23550 | Lair:4   | Found a gate leading to a gauntlet.
 23630 | Gauntlet | Entered a Gauntlet
 23630 | Gauntlet | Found a large runed translucent door.
 23630 | Gauntlet | Found a large runed translucent door.
 23630 | Gauntlet | Found a large runed translucent door.
 23630 | Gauntlet | Found a large runed translucent door.
 23630 | Gauntlet | Found a runed translucent door.
 23630 | Gauntlet | Found a large runed translucent door.
 23630 | Gauntlet | Found a large runed translucent door.
 23630 | Gauntlet | Found a transporter.
 23630 | Gauntlet | Found a transporter.
 23630 | Gauntlet | Found a large runed translucent door.
 23630 | Gauntlet | Found a large runed translucent door.
 23630 | Gauntlet | Found a runed translucent gate.
 23630 | Gauntlet | Found a runed translucent gate.
 23630 | Gauntlet | Found a transporter.
 23631 | Gauntlet | Found a transporter.
 23634 | Gauntlet | Found a transporter.
 23637 | Gauntlet | Found a runed translucent gate.
 23637 | Gauntlet | Found a runed translucent door.
 23639 | Gauntlet | Found a large runed translucent door.
 23639 | Gauntlet | Found a large runed translucent door.
 23640 | Gauntlet | Found a large runed translucent door.
 23644 | Gauntlet | Found a transporter.
 23655 | Gauntlet | Found a transporter.
 23661 | Gauntlet | Found a transporter.
 23669 | Gauntlet | Found a transporter.
 23690 | Gauntlet | Found a transporter.
 23696 | Gauntlet | Found a transporter.
 23716 | Gauntlet | Found a transporter.
 23739 | Gauntlet | Found a large runed translucent door.
 23739 | Gauntlet | Found a large runed translucent door.
 23740 | Gauntlet | Found a large runed translucent door.
 23741 | Gauntlet | Found a large runed translucent door.
 23748 | Gauntlet | Found a large runed translucent door.
 24072 | Gauntlet | Identified the ring "Fawkiar" {Int+4 Slay+4}
 24183 | Gauntlet | Identified the +0 hat of the Candlemaker {rPois}
 24216 | Gauntlet | Noticed a minotaur
 24224 | Gauntlet | Killed a minotaur
 24603 | Gauntlet | Identified the +0 ring mail of Jotynwioxon {rPois rF- rN+
                  | Dex+6}
 26118 | Lair:5   | Noticed Rupert
 26127 | Lair:5   | Killed Rupert
 26140 | Lair:5   | Reached XP level 15. HP: 115/115 MP: 0/0
 26140 | Lair:5   | Learned a level 6 spell: Simulacrum
 27097 | Lair:6   | Entered Level 6 of the Lair of Beasts
 28065 | Lair:6   | Identified the +4 hand crossbow of Valiance {freeze, rElec
                  | rPois Dex-5 Stlth+}
 28094 | Lair:6   | Reached skill level 15 in Spellcasting
 28402 | Lair:6   | Reached ****** piety under Makhleb
 29607 | Lair:6   | Found a staircase to the Slime Pits.
 30681 | Orc:1    | Entered Level 1 of the Orcish Mines
 30688 | Orc:1    | Reached XP level 16. HP: 115/121 MP: 0/0
 30876 | Orc:2    | Entered Level 2 of the Orcish Mines
 31324 | Orc:2    | Noticed Nessos
 31328 | Orc:2    | Killed Nessos
 31507 | Orc:2    | Found a staircase to the Elven Halls.
 32502 | Orc:2    | Found Uret Birch's Magic Scroll Shoppe.
 32505 | Orc:2    | Found Cinkosu's General Store.
 33261 | Orc:2    | Noticed Josephine
 33273 | Orc:2    | Killed Josephine
 33641 | Orc:2    | Noticed Maurice
 33645 | Orc:2    | Killed Maurice
 34252 | Orc:2    | Reached skill level 15 in Dodging
 34892 | Orc:2    | Found Kaetehav's Antique Armour Shop.
 34892 | Orc:2    | Found Plog's Book Boutique.
 34893 | Orc:2    | Found a one-way gate leading to the halls of Pandemonium.
 34899 | Orc:2    | Bought an embroidered robe for 122 gold pieces
 34899 | Orc:2    | Bought a runed buckler for 247 gold pieces
 34899 | Orc:2    | Bought a runed robe for 122 gold pieces
 34940 | Orc:2    | Bought a scroll of fog for 34 gold pieces
 34940 | Orc:2    | Bought a scroll of magic mapping for 59 gold pieces
 34940 | Orc:2    | Bought a scroll of magic mapping for 59 gold pieces
 34940 | Orc:2    | Bought a scroll of fog for 34 gold pieces
 34940 | Orc:2    | Bought a scroll of teleportation for 51 gold pieces
 35703 | Orc:2    | Bought 3 scrolls of teleportation for 99 gold pieces
 35877 | D:8      | Bought a scroll of poison for 35 gold pieces
 35877 | D:8      | Bought a scroll of poison for 35 gold pieces
 35877 | D:8      | Bought a scroll of poison for 35 gold pieces
 36343 | Lair:2   | Found a staircase to the Snake Pit.
 37376 | D:12     | Found a transporter.
 37380 | D:12     | Noticed snetch's ghost (journeyman MiBe)
 37446 | D:12     | Found a transporter.
 38857 | D:13     | Reached XP level 17. HP: 93/127 MP: 0/0
 38857 | D:13     | Learned a level 6 spell: Starburst
 39156 | D:13     | Found a bloodstained altar of Trog.
 39317 | D:13     | Noticed Azrael
 39327 | D:13     | Killed Azrael
 40275 | D:14     | Reached skill level 1 in Invocations
 40667 | D:14     | Found Ylutowk's Book Emporium.
 40907 | D:14     | Found a gate to the Vaults.
 40911 | D:14     | Reached skill level 5 in Invocations
 41212 | D:15     | Entered Level 15 of the Dungeon
 42233 | D:15     | Found a staircase to the Depths.
 42401 | D:15     | Found a glowing silver altar of Zin.
 42625 | D:15     | Found a white marble altar of Elyvilon.
 42711 | Lair:1   | Identified a scroll of acquirement
 42713 | Lair:1   | Acquired a manual of Fighting
 42791 | Snake:1  | Entered Level 1 of the Snake Pit
 43301 | Snake:1  | Reached XP level 18. HP: 128/133 MP: 0/0
 43304 | Snake:1  | Reached skill level 10 in Invocations
 44244 | Snake:2  | Noticed Roxanne
 45393 | Snake:2  | Found Salinuv's Book Boutique.
 45395 | Snake:2  | Found Izxeh's Armour Shop.
 45397 | Snake:2  | Found Bawnau Myepi's Magic Scroll Boutique.
 45408 | Snake:2  | Bought 3 scrolls of magic mapping for 168 gold pieces
 45408 | Snake:2  | Bought 2 scrolls of teleportation for 96 gold pieces
 45408 | Snake:2  | Bought a scroll of enchant armour for 120 gold pieces
 45408 | Snake:2  | Bought a scroll of fear for 56 gold pieces
 46238 | Snake:3  | Found the +10 morningstar "Eos" {elec, Halo rElec}
 46524 | Snake:3  | Found Olosk's Jewellery Boutique.
 46524 | Snake:3  | Found Leilyot's Distillery.
 46538 | Snake:3  | Bought a potion of heal wounds for 95 gold pieces
 46538 | Snake:3  | Bought a potion of heal wounds for 95 gold pieces
 46538 | Snake:3  | Bought a potion of curing for 57 gold pieces
 46538 | Snake:3  | Bought a potion of heal wounds for 95 gold pieces
 46538 | Snake:3  | Bought a potion of heal wounds for 95 gold pieces
 46538 | Snake:3  | Bought a potion of heal wounds for 95 gold pieces
 46803 | Snake:3  | Found the +9 staff of Wucad Mu {*channel}
 47581 | Snake:4  | Entered Level 4 of the Snake Pit
 47619 | Snake:4  | Found Niwnoub's General Store.
 47669 | Snake:4  | Bought a wand of digging (6) for 360 gold pieces
 47669 | Snake:4  | Bought a scroll of fog for 36 gold pieces
 48357 | Snake:4  | Reached skill level 14 in Fighting
 48466 | Snake:4  | Reached XP level 19. HP: 70/141 MP: 0/0
 48466 | Snake:4  | Learned a level 6 spell: Eringya's Noxious Bog
 49076 | Snake:4  | Reached skill level 15 in Fighting
 49340 | Snake:4  | Noticed Bai Suzhen
 49347 | Snake:4  | Killed Bai Suzhen
 49348 | Snake:4  | Reached skill level 16 in Fighting
 50234 | Snake:4  | Reached skill level 17 in Fighting
 50243 | Snake:4  | Noticed Aizul
 50249 | Snake:4  | Killed Aizul
 50727 | Snake:4  | Reached skill level 18 in Fighting
 50763 | Snake:4  | Noticed Vashnia
 50786 | Snake:4  | Killed Vashnia
 51203 | Snake:4  | Got a serpentine rune of Zot
 51258 | Snake:4  | Reached skill level 19 in Fighting
 51657 | Elf:1    | Entered Level 1 of the Elven Halls
 51658 | Elf:1    | Upgraded the game from 0.29-a0-553-g81b289dbe5 to
                  | 0.29-a0-555-g3b24f45cc1
 51999 | Elf:1    | Found Ceracw's Weapon Shoppe.
 52226 | Elf:1    | Reached skill level 5 in Shields
 52353 | Elf:1    | You are sucked into a shaft and drop 1 floor!
 52357 | Elf:2    | Found a runed translucent gate.
 52357 | Elf:2    | Found a runed translucent gate.
 52805 | Elf:2    | Reached XP level 20. HP: 128/160 MP: 0/0
 53022 | Elf:2    | Found a runed translucent gate.
 53474 | Elf:2    | Reached skill level 10 in Shields
 53855 | Elf:2    | Paralysed by an air elemental for 1 turns
 53857 | Elf:2    | Noticed a Brimstone Fiend
 54137 | Elf:2    | Identified the +2 trident of Dawn {venom, Str+5}
 54553 | Elf:3    | Entered Level 3 of the Elven Halls
 54688 | Elf:3    | Found Utofihugi's Antique Weapon Shop.
 56419 | Elf:3    | Reached XP level 21. HP: 166/166 MP: 0/0
 56419 | Elf:3    | Learned a level 8 spell: Lehudib's Crystal Spear
 56675 | Elf:3    | Identified the amulet "Fadooto" {RegenMP rC- Int+3 Dex+2}
 56678 | Elf:3    | Identified the ring of the Lily {Int+6 Dex+3 Slay+3}
 56741 | Elf:3    | Identified the ring "Ilemmon" {Fire rElec}
 56757 | Elf:3    | Identified the +4 ring mail "Jobo" {Will- Int+6 SInv}
 56810 | Elf:3    | Found the +2 shield of Resistance {rF++ rC++ Will++}
 56866 | Elf:3    | Identified the +1 helmet "Vaklu" {+Blink rN+ Str-5 Dex+4}
 57106 | Elf:3    | Bought a twisted arbalest for 380 gold pieces
 57106 | Elf:3    | Identified the +3 arbalest of Crystal {vorpal, rPois rC-
                  | Will+ Dex+2} (You bought it in a shop on level 3 of the
                  | Elven Halls)
 57106 | Elf:3    | Bought a smouldering spear for 320 gold pieces
 57106 | Elf:3    | Identified the +4 spear "Juteqov" {flame, rN+ Will+} (You
                  | bought it in a shop on level 3 of the Elven Halls)
 57286 | Lair:1   | Gained mutation: Your spells are a little easier to cast,
                  | but a little less powerful. [potion of mutation]
 57286 | Lair:1   | Gained mutation: You are clumsy. (Dex -2) [potion of
                  | mutation]
 57287 | Lair:1   | Lost mutation: You are clumsy. (Dex -2) [potion of
                  | mutation]
 57287 | Lair:1   | Lost mutation: Your spells are a little easier to cast, but
                  | a little less powerful. [potion of mutation]
 57287 | Lair:1   | Gained mutation: You do not regenerate when monsters are
                  | visible. [potion of mutation]
 57287 | Lair:1   | Gained mutation: Your mind is acute. (Int +2) [potion of
                  | mutation]
 57288 | Lair:1   | Lost mutation: Your mind is acute. (Int +2) [potion of
                  | mutation]
 57288 | Lair:1   | Lost mutation: You do not regenerate when monsters are
                  | visible. [potion of mutation]
 57288 | Lair:1   | Gained mutation: Your body sometimes deteriorates upon
                  | taking damage. [potion of mutation]
 57289 | Lair:1   | Lost mutation: Your body sometimes deteriorates upon taking
                  | damage. [potion of mutation]
 57289 | Lair:1   | Gained mutation: You have hidden genetic defects. [potion
                  | of mutation]
 57289 | Lair:1   | Gained mutation: Armour fits poorly on your strangely
                  | shaped body. [potion of mutation]
 57290 | Lair:1   | Lost mutation: You have hidden genetic defects. [potion of
                  | mutation]
 57290 | Lair:1   | Lost mutation: Armour fits poorly on your strangely shaped
                  | body. [potion of mutation]
 57290 | Lair:1   | Gained mutation: Your flesh is almost immune to the effects
                  | of heat. (rF+++) [potion of mutation]
 57290 | Lair:1   | Gained mutation: Your skin changes colour to match your
                  | surroundings (Stealth+). [potion of mutation]
 57355 | Shoals:1 | Entered Level 1 of the Shoals
 59309 | Shoals:2 | Noticed Ilsuiw
 59330 | Shoals:2 | Killed Ilsuiw
 60969 | Shoals:4 | Entered Level 4 of the Shoals
 61559 | Shoals:4 | Got a barnacled rune of Zot
 61577 | Shoals:4 | Found a transporter.
 61579 | Shoals:4 | Found a transporter.
 61583 | Shoals:4 | Found a transporter.
 61590 | Shoals:4 | Acquired the +0 pair of gloves "Gitasch" {rF- Will++ rCorr}
 61714 | Shoals:4 | Found a transporter.
 62137 | Shoals:4 | Reached skill level 15 in Shields
 62260 | Shoals:4 | Found a transporter.
 62262 | Shoals:4 | Found a transporter.
 62462 | Shoals:4 | Reached XP level 22. HP: 119/172 MP: 0/0
 63591 | Vaults:1 | Entered Level 1 of the Vaults
 64726 | Vaults:1 | Upgraded the game from 0.29-a0-555-g3b24f45cc1 to
                  | 0.29-a0-557-g43b9904bd1
 64751 | Vaults:1 | Found the +5 glaive of the Guard {elec, spectral, AC+5}
 65492 | Vaults:1 | Found Vyenoc's General Store.
 65498 | Vaults:1 | Bought a potion of brilliance for 52 gold pieces
 66264 | Vaults:2 | Reached XP level 23. HP: 157/178 MP: 0/0
 66264 | Vaults:2 | Learned a level 8 spell: Maxwell's Capacitive Coupling
 67301 | Vaults:2 | Found a runed translucent door.
 67301 | Vaults:2 | Found a shimmering altar of Xom.
 67301 | Vaults:2 | Noticed AgonHex's ghost (veteran HOFi)
 67301 | Vaults:2 | Found the +3 robe of Clouds {*Thunder rCloud rElec}
 67870 | Vaults:2 | Found a staircase to the Crypt.
 68281 | Vaults:2 | Killed AgonHex's ghost
 68532 | Vaults:3 | Reached skill level 1 in Evocations
 70821 | Vaults:4 | Reached XP level 24. HP: 180/184 MP: 0/0
 70908 | Vaults:4 | Noticed Mennas
 72008 | Vaults:4 | Acquired the ring "Mema" {Wiz Int+9 Dex-3}
 72218 | Vaults:4 | Found a runed translucent gate.
 72333 | Vaults:4 | Identified the +1 robe of Xiziemn {*Slow Str+4}
 72384 | Vaults:4 | Found a runed translucent gate.
 72385 | Vaults:4 | Found a runed translucent gate.
 72385 | Vaults:4 | Noticed Camit's ghost (veteran HOFi)
 72404 | Vaults:4 | Reached skill level 5 in Evocations
 73214 | Vaults:4 | Killed Mennas
 73431 | Vaults:4 | Killed Camit's ghost
 73704 | Depths:1 | Entered Level 1 of the Depths
 73720 | Depths:1 | Found a gateway to Hell.
 73789 | Depths:1 | Reached skill level 20 in Fighting
 74455 | Depths:1 | You are sucked into a shaft and drop 1 floor!
 74456 | Depths:2 | Noticed a caustic shrike
 74456 | Depths:2 | Noticed a golden dragon
 74462 | Depths:2 | Killed a golden dragon
 74465 | Depths:2 | Killed a caustic shrike
 74466 | Depths:2 | Reached skill level 21 in Fighting
 74468 | Depths:2 | Reached XP level 25. HP: 196/196 MP: 0/0
 74468 | Depths:2 | Learned a level 8 spell: Summon Horrible Things
 74559 | Depths:2 | Found a magical portal.
 74564 | WizLab   | Entered Doroklohe's Tomb
 75232 | Depths:1 | Found a huge runed gate.
 75232 | Depths:1 | Found a huge runed gate.
 75232 | Depths:1 | Found a huge runed gate.
 75234 | Depths:1 | Found a huge runed gate.
 75235 | Depths:1 | Found a huge runed gate.
 75235 | Depths:1 | Found a huge runed gate.
 75236 | Depths:1 | Found a huge runed gate.
 75236 | Depths:1 | Found a huge runed gate.
 75236 | Depths:1 | Found a huge runed gate.
 75236 | Depths:1 | Found a huge runed gate.
 75236 | Depths:1 | Found a huge runed gate.
 75237 | Depths:1 | Found a huge runed gate.
 75238 | Depths:1 | Found a huge runed gate.
 75239 | Depths:1 | Found a huge runed gate.
 75240 | Depths:1 | Found a huge runed gate.
 75241 | Depths:1 | Found a huge runed gate.
 75249 | Depths:1 | Found a huge runed gate.
 75249 | Depths:1 | Found a huge runed gate.
 75249 | Depths:1 | Found a huge runed gate.
 75249 | Depths:1 | Found a huge runed gate.
 75249 | Depths:1 | Found a huge runed gate.
 75249 | Depths:1 | Found a huge runed gate.
 75272 | Depths:1 | Reached skill level 22 in Fighting
 75352 | Depths:1 | Found a one-way gateway to a ziggurat.
 75375 | Depths:1 | Found a one-way gate to the infinite horrors of the Abyss.
 76419 | Depths:3 | Noticed Jory
 76424 | Depths:3 | Killed Jory
 76458 | Depths:3 | Noticed Xtahua
 76464 | Depths:3 | Killed Xtahua
 76637 | Depths:3 | Reached skill level 23 in Fighting
 77745 | Depths:4 | Entered Level 4 of the Depths
 77804 | Depths:4 | Noticed a juggernaut
 78158 | Depths:4 | Reached XP level 26. HP: 149/211 MP: 0/0
 78161 | Depths:3 | Killed a juggernaut
 78162 | Depths:3 | Reached skill level 24 in Fighting
 78442 | Lair:1   | Reached XP level 27. HP: 218/218 MP: 0/0
 78442 | Lair:1   | Learned a level 9 spell: Shatter
 78657 | Vaults:5 | Entered Level 5 of the Vaults
 78761 | Vaults:5 | Reached skill level 25 in Fighting
 78769 | Vaults:5 | Noticed an ancient lich
 78775 | Vaults:5 | Killed an ancient lich
 78777 | Vaults:5 | Noticed a dread lich
 78778 | Vaults:5 | Reached skill level 26 in Fighting
 78782 | Vaults:5 | Killed a dread lich
 80183 | Vaults:5 | Found Jesugopt's Distillery.
 80470 | Vaults:5 | Bought 2 potions of resistance for 340 gold pieces
 80470 | Vaults:5 | Bought a potion of curing for 51 gold pieces
 80470 | Vaults:5 | Bought a potion of heal wounds for 85 gold pieces
 80470 | Vaults:5 | Bought a potion of curing for 51 gold pieces
 80470 | Vaults:5 | Bought a potion of haste for 170 gold pieces
 80470 | Vaults:5 | Bought a potion of curing for 51 gold pieces
 80566 | Vaults:5 | Got a silver rune of Zot
 80645 | Vaults:5 | Found Ydiu's Magic Scroll Emporium.
 80650 | Vaults:5 | Bought a scroll of blinking for 150 gold pieces
 80650 | Vaults:5 | Bought a scroll of poison for 70 gold pieces
 80721 | Vaults:5 | Found Yheugh's Antique Armour Shoppe.
 80726 | Vaults:5 | Bought a pair of polished gloves for 275 gold pieces
 80726 | Vaults:5 | Identified the +0 pair of gloves of Duck's Teeth {rElec
                  | Str-5 Int+7 SInv} (You bought it in a shop on level 5 of
                  | the Vaults)
 80726 | Vaults:5 | Bought a bloodstained robe for 165 gold pieces
 80726 | Vaults:5 | Identified the +1 robe "Civima Tuiqo" {rElec rN+} (You
                  | bought it in a shop on level 5 of the Vaults)
 80805 | Vaults:5 | Found Tinoehubb's Distillery.
 80811 | Vaults:5 | Bought a potion of heal wounds for 115 gold pieces
 80811 | Vaults:5 | Bought a potion of mutation for 184 gold pieces
 80811 | Vaults:5 | Bought a potion of curing for 69 gold pieces
 80811 | Vaults:5 | Bought a potion of curing for 69 gold pieces
 80865 | Vaults:5 | Found Juoth's Distillery.
 80873 | Vaults:5 | Bought a potion of curing for 48 gold pieces
 80873 | Vaults:5 | Bought a potion of mutation for 128 gold pieces
 80873 | Vaults:5 | Bought a potion of resistance for 160 gold pieces
 80873 | Vaults:5 | Bought a potion of cancellation for 128 gold pieces
 80873 | Vaults:5 | Bought 2 potions of curing for 96 gold pieces
 80873 | Vaults:5 | Bought a potion of invisibility for 128 gold pieces
 80873 | Vaults:5 | Bought a potion of might for 64 gold pieces
 80873 | Vaults:5 | Bought a potion of curing for 48 gold pieces
 80873 | Vaults:5 | Bought a potion of curing for 48 gold pieces
 81096 | Vaults:5 | Found Geliat's Distillery.
 81101 | Vaults:5 | Bought a potion of cancellation for 168 gold pieces
 81101 | Vaults:5 | Bought a potion of brilliance for 84 gold pieces
 81101 | Vaults:5 | Bought a potion of might for 84 gold pieces
 81116 | Vaults:5 | Found Rerhew's Distillery.
 81121 | Vaults:5 | Bought a potion of brilliance for 52 gold pieces
 81121 | Vaults:5 | Bought a potion of heal wounds for 65 gold pieces
 81121 | Vaults:5 | Bought a potion of brilliance for 52 gold pieces
 81121 | Vaults:5 | Bought a potion of might for 52 gold pieces
 81121 | Vaults:5 | Bought a potion of curing for 39 gold pieces
 81121 | Vaults:5 | Bought a potion of invisibility for 104 gold pieces
 81121 | Vaults:5 | Bought a potion of berserk rage for 65 gold pieces
 81121 | Vaults:5 | Bought a potion of ambrosia for 104 gold pieces
 81823 | Depths:4 | Found a gate to the Realm of Zot.
 81981 | Depths:4 | Found Sielo's Assorted Antiques.
 82093 | Depths:4 | Found Maidunol's Antique Armour Shop.
 82324 | Zot:1    | Entered Level 1 of the Realm of Zot
 82975 | Zot:1    | Reached skill level 27 in Fighting
 85389 | Zot:2    | Identified the +5 dagger "Gixtawn" {protect, rF+ Dex+4}
 85424 | Zot:2    | Noticed Vv
 85429 | Zot:2    | Killed Vv
 85660 | Zot:2    | Noticed a Killer Klown
 85662 | Zot:2    | Killed a Killer Klown
 85766 | Zot:2    | Noticed a Killer Klown
 85772 | Zot:2    | Killed a Killer Klown
 87930 | Zot:3    | Noticed an orb of fire
 87934 | Zot:3    | Killed an orb of fire
 88865 | Zot:5    | Entered Level 5 of the Realm of Zot
 88986 | Zot:5    | Noticed a dread lich
 88990 | Zot:5    | Killed a dread lich
 89321 | Zot:5    | Noticed an orb of fire
 89329 | Zot:5    | Gained mutation: You occasionally shout uncontrollably at
                  | your foes. [an orb of fire]
 89331 | Zot:5    | Gained mutation: You sometimes lose the ability to read
                  | scrolls when taking damage. [an orb of fire]
 89332 | Zot:5    | Killed an orb of fire
 89347 | Zot:5    | Noticed a Killer Klown
 89351 | Zot:5    | Killed a Killer Klown
 89575 | Zot:5    | Lost mutation: You occasionally shout uncontrollably at
                  | your foes. [potion of mutation]
 89575 | Zot:5    | Lost mutation: You sometimes lose the ability to read
                  | scrolls when taking damage. [potion of mutation]
 89575 | Zot:5    | Lost mutation: Your flesh is almost immune to the effects
                  | of heat. (rF+++) [potion of mutation]
 89575 | Zot:5    | Gained mutation: You have a pair of small antennae on your
                  | head. [potion of mutation]
 89575 | Zot:5    | Gained mutation: You have hidden genetic potential. [potion
                  | of mutation]
 89603 | Zot:5    | Noticed a Killer Klown
 89606 | Zot:5    | Killed a Killer Klown
 89608 | Zot:5    | Noticed an orb of fire
 89615 | Zot:5    | Killed an orb of fire
 89798 | Zot:5    | Gained mutation: Your body sometimes deteriorates upon
                  | taking damage. [mutagenic glow]
 89807 | Zot:5    | Gained mutation: You are clumsy. (Dex -2) [mutagenic glow]
 89816 | Zot:5    | Gained mutation: Your muscles are strong. (Str +2)
                  | [mutagenic glow]
 89837 | Zot:5    | Got the Orb of Zot
 89838 | Zot:5    | Noticed an orb of fire
 89839 | Zot:5    | Noticed an orb of fire
 89910 | Zot:3    | Noticed Hessoem the pandemonium lord
 90066 | D:15     | Noticed a seraph
 90340 | D:1      | Noticed Leusost the pandemonium lord
 90344 | D:1      | Killed Leusost the pandemonium lord
 90350 | D:$      | Escaped with the Orb!

Illustrated notes

Levels and vault maps discovered:
D:1:      roderic_crossed_star, layout_loops_cross,
          chequers_ecumenical_altar_simple, minmay_misc_feat_roman
D:2:      layout_basic, hangedman_decor_opposing, uniq_terence
D:3:      layout_basic, fedhas_altar_fruit_tree
D:4:      layout_loops_ring, nicolae_ashenzari_skybound,
          minmay_temple_entry_butterflies, serial_shops,
          nicolae_shop_hallway_stairs, uniq_crazy_yiuf_cottage
D:5:      layout_cave_pools, general_overflow_altar, gammafunk_ghost_stat_death,
          chequers_serial_rivers_large_a, uniq_prince_ribbit1
D:6:      layout_cave_pools, mainiacjoe_overflow_brackets,
          lightli_temple_of_fire, ebering_ghost_gozag,
          gup_ossuary_entry_pyramid, grunt_ministairs_7, minivault_27
D:7:      layout_loops_cross, serial_shops, shop,
          chequers_serial_rivers_small_a, minmay_crystal_water, uniq_pikel,
          uniq_menkaure, uniq_maggie
D:8:      layout_rooms, mainiacjoe_overflow_surrounded_room, enter_bailey_5,
          guppyfry_shop_venom
D:9:      layout_irregular_city, mainiacjoe_overflow_six_doors_small,
          nicolae_hepliaklqana_ecumenical_no_more, nzn_wu_jian_contemplation,
          mainiacjoe_overflow_concentric_impassable, overflow_temple_1_default
D:10:     layout_basic, lemuel_round_altar, minmay_statue_bubble
D:11:     hangedman_cross_stitches, layout_gridville, lair_entry_dummy,
          orc_david_3, okawaru_metal_pillars_1_2, uniq_urug
D:12:     minmay_distorted_concentric_squares, layout_small_grid,
          gammafunk_ghost_mausoleum, patterned_corridor
D:13:     layout_cross, minmay_door_square, tgw_trog, uniq_azrael
D:14:     layout_loops_ring, grunt_vaults_entry_tiered, serial_shops, shop,
          minmay_misc_feat_more_columns
D:15:     grunt_enter_depths_snipers, layout_loops_ring,
          nicolae_elyvilon_temple_path, kennysheep_flooded_box
Temple:   eino_temple_lava
Lair:1:   layout_regular_city
Lair:2:   layout_cave_pods, dummy_snake_entry, gammafunk_ghost_cemetery
Lair:3:   layout_long_grid, portal_ice_cave_rime, beast_lair_carwin_4,
          serial_bayou_shore_b, grunt_megastairs_2
Lair:4:   layout_loops_ring, minmay_shoals_entry_beasts, gauntlet_entry_generic,
          serial_bayou_shore_a
Lair:5:   layout_regular_city, infiniplex_staircase_pool, uniq_rupert
Lair:6:   grunt_lair_end_beastmaster, layout_hall_layers,
          dpeg_slime_entry_corner
Shoals:1: cheibrodos_shoals_roost, layout_shoals
Shoals:2: layout_shoals, uniq_ilsuiw
Shoals:3: layout_shoals, nicolae_shoals_shepherds
Shoals:4: shoals_end_hangedman, layout_shoals, serial_nicolae_subway,
          nicolae_sub_station_stone, nicolae_sub_station_crystal,
          nicolae_sub_station_metal
Snake:1:  layout_honeycomb
Snake:2:  layout_chambers, minmay_shop_star, uniq_roxanne
Snake:3:  layout_onion_interference, nicolae_snake_biting_tails,
          minmay_shoptagon
Snake:4:  grunt_snake_rune_serpentine_throne, layout_chambers, serial_shops,
          shop, basic_altar, nicolae_snake_salamander_zone, uniq_bai_suzhen,
          uniq_aizul
Orc:1:    layout_caves, basic_altar
Orc:2:    pf_orc_diabolical, layout_diamond_mine, basic_altar, uniq_josephine,
          uniq_maurice, uniq_nessos
Elf:1:    nicolae_elf_arrival_fired_up, layout_geoelf_octagon, serial_shops,
          nicolae_shop_bloodbath_and_beyond, minmay_elf_necromancy
Elf:2:    nicolae_elf_blades_crystal_corner, layout_geoelf_grid
Elf:3:    minmay_elf_hall_dome, layout_geoelf_octagon, serial_shops,
          nicolae_shop_overgrown_old_shop, minmay_elf_sorcery
Vaults:1: hangedman_vaults_corner, nicolae_vaults_theta, v_rooms_2,
          hangedman_vaults_stretched_pinwheel,
          minmay_guarded_unrand_guard_vaults, vaults_dpeg_spiral, v_pattern_3,
          hangedman_vaults_nails, ontoclasm_vaults_bender, vaults_mumra_chevron,
          v_misc_27, vaults_room_stairs_pillars, nicolae_vaults_rhombus_5,
          v_rooms_1, nicolae_vaults_shelves_hall, layout_vaults_maze_snakey,
          serial_shops, shop_fountains
Vaults:2: ebering_ghost_xom, minmay_crypt_entry_skeletal_spiral, v_misc_26,
          nicolae_vaults_what_the_h, v_misc_10, hangedman_vaults_pinch,
          ontoclasm_vaults_misaligned, hangedman_vaults_slice,
          dpeg_vaults_monster_row, nicolae_vaults_asterisk,
          ontoclasm_vaults_gateway, layout_vaults_quadrants
Vaults:3: vaults_mumra_hex, vaults_mumra_minichess_inversion,
          nicolae_vaults_little_squares_2, nicolae_vaults_little_squares_6,
          vaults_dpeg_hooks, v_misc_28, grunt_vaults_trifunnel,
          vaults_room_grid, nicolae_vaults_little_squares_2,
          hangedman_vaults_unwind, vaults_room_boxed, v_misc_19,
          vaults_room_ringed_pool, nicolae_vaults_display_case,
          nicolae_vaults_asterisk, nicolae_vaults_theta, ontoclasm_vaults_pinch,
          layout_vaults_omnibox
Vaults:4: gammafunk_ghost_necromancy, ontoclasm_vaults_shuriken,
          nicolae_vaults_three_branches, vaults_dpeg_ring, v_misc_5,
          vaults_room_door_ring, v_misc_16, vaults_mumra_chevron_long, v_misc_2,
          ontoclasm_vaults_chip, vaults_mumra_minichess,
          nicolae_vaults_shelves_hall, grunt_vaults_diagonal,
          nicolae_vaults_little_squares_2, vaults_room_fours,
          nicolae_vaults_shelves_hall, layout_vaults_ring, uniq_mennas
Vaults:5: serial_shops
Depths:1: layout_forbidden_donut, enter_ziggurat_a, abyss_entry,
          nicolae_concentric_dashed_squares_wild, hell_entry, door_vault,
          serial_bayou_shore_b, kennysheep_random_hallway
Depths:2: hourglass_vault, layout_cave_pools, chequers_serial_rivers_micro_c,
          mu_enter_wizlab_1, hell_entry, pan_entry,
          minmay_staircase_statues_hall_small, serial_bayou_shore_b,
          uniq_josephina
Depths:3: nzn_winding_woodlands_cross [nzn_winding_woodlands_5x15_garden,
          nzn_winding_woodlands_5x15_pockets,
          nzn_winding_woodlands_5x15_split_checker,
          nzn_winding_woodlands_5x15_twine,
          nzn_winding_woodlands_15x15_boxy_spiral], layout_gridville,
          hangedman_coc_ice_floe, abyss_entry, uniq_jory, uniq_xtahua
Depths:4: grunt_crosshair, layout_cave_pools, marbit_kobold_abyss_entry,
          serial_shops, nicolae_shop_statue_plus, nicolae_shop_hallway_plus,
          lemuel_statue_altar, hell_entry
Zot:1:    grunt_zot_stairs_overgrown, layout_onion_interference,
          hangedman_zot_decor_unnerving_road
Zot:2:    cheibrodos_zot_enchanting_chambers, layout_basic, grunt_megastairs_5,
          uniq_vv
Zot:3:    kennysheep_ambush_hall, layout_gridlike
Zot:4:    layout_misc_corridors, lemuel_elevator
Zot:5:    layout_misc_corridors, hangedman_zot_decor_checkerboard

Skill      XL: |  1  2  3  4  5  6  7  8  9 10 11 12 13 14 15 16 17 18 19 20 21 22 23 24 25 26 27 |
---------------+----------------------------------------------------------------------------------+-----
Spellcasting   | 4 5 6 7 8 9 11 13 15 16 17 18 20 24 | 24.8
Fighting       | 7 11 13 14 19 21 23 24 27 | 27.0
Dodging        | 6 12 13 17 18 | 18.9
Shields        | 4 7 13 15 16 | 16.1
Invocations    | 9 14 | 14.2
Evocations     | 4 6 |  6.0
Stealth        | |  1.5

Action                   |  1- 3 |  4- 6 |  7- 9 | 10-12 | 13-15 | 16-18 | 19-21 | 22-24 | 25-27 || total
-------------------------+-------+-------+-------+-------+-------+-------+-------+-------+-------++-------
Melee: Mace              |     3 |       |       |       |       |       |       |       |       ||     3
       Long sword        |       |     5 |    31 |     2 |       |       |       |       |       ||    38
       Punch             |       |       |     1 |       |       |       |       |       |       ||     1
       Spear             |       |       |       |       |     1 |     6 |       |       |       ||     7
       Staff             |       |       |       |       |       |       |     1 |     4 |       ||     5
 Cast: Freeze            |    30 |     8 |    15 |    15 |     6 |     2 |       |       |       ||    76
       Shock             |    16 |    73 |    74 |   283 |   430 |   447 |   328 |   118 |     4 ||  1773
       Frozen Ramparts   |     2 |     6 |    12 |    33 |    22 |    17 |     3 |    11 |       ||   106
       Ozocubu's Armour  |       |     1 |    12 |    15 |    11 |     6 |     2 |     1 |       ||    48
       Stone Arrow       |       |       |    14 |    47 |    44 |   154 |   145 |    30 |     2 ||   436
       Hailstorm         |       |       |     3 |    12 |    17 |    34 |    59 |    32 |    35 ||   192
       Iskenderun's Myst |       |       |     9 |    46 |    83 |   120 |   145 |    86 |    38 ||   527
       Ensorcelled Hiber |       |       |     1 |     5 |       |     2 |     2 |     1 |     2 ||    13
       Summon Lightning  |       |       |       |    37 |    81 |    37 |    35 |     9 |     1 ||   200
       Iskenderun's Batt |       |       |       |       |    74 |    87 |   125 |    40 |     7 ||   333
       Simulacrum        |       |       |       |       |    18 |     3 |       |       |       ||    21
       Starburst         |       |       |       |       |       |   183 |   124 |   153 |    44 ||   504
       Eringya's Noxious |       |       |       |       |       |       |    28 |     7 |     1 ||    36
       Lehudib's Crystal |       |       |       |       |       |       |       |    72 |    67 ||   139
       Maxwell's Capacit |       |       |       |       |       |       |       |    90 |   206 ||   296
       Summon Horrible T |       |       |       |       |       |       |       |       |     9 ||     9
       Shatter           |       |       |       |       |       |       |       |       |    93 ||    93
Invok: Lesser Servant of |       |       |       |       |       |       |     1 |       |       ||     1
       Greater Servant o |       |       |       |       |       |       |     1 |       |       ||     1
 Abil: Evoke Blink       |       |       |       |       |       |       |       |     9 |     1 ||    10
Evoke: Wand              |       |       |       |       |       |     1 |       |       |     7 ||     8
  Use: Scroll            |       |       |    14 |     3 |    13 |     6 |     3 |     4 |    19 ||    62
       Potion            |       |       |     3 |     2 |     2 |     3 |     8 |     2 |    38 ||    58
 Stab: Sleeping          |       |       |       |       |       |     4 |       |       |       ||     4
Armor: Robe              |     2 |       |    21 |    16 |    45 |    36 |    34 |    15 |    47 ||   216
Dodge: Dodged            |     9 |    15 |    53 |    58 |   156 |   173 |   152 |   128 |   198 ||   942
Block: Buckler           |       |       |       |       |    94 |   139 |    59 |       |       ||   292
       Reflection        |       |       |       |       |     3 |    56 |    76 |    67 |    32 ||   234
       Kite shield       |       |       |       |       |       |       |   106 |   218 |   221 ||   545

Table legend: (Time is in decaauts)
 A = Elapsed time spent in this place.
 B = Non-inter-level travel time spent in this place.
 C = Inter-level travel time spent in this place.
 D = Time resting spent in this place.
 E = Time spent auto-exploring this place.
 F = Levels seen in this place.
 G = Mean time per level.
                   A        B        C        D        E       F      G
               +--------+--------+--------+--------+--------+-----+--------+
         Total |  90230 |  81962 |   8268 |  34242 |  33995 |  54 | 1670.9 |
       Dungeon |  25238 |  22239 |   2999 |  10118 |   9051 |  15 | 1682.5 |
        Temple |     58 |     52 |      6 |      0 |     47 |   1 |   58.0 |
          Lair |   9559 |   8837 |    722 |   2952 |   4502 |   6 | 1593.2 |
        Shoals |   6111 |   5892 |    219 |   1210 |   3758 |   4 | 1527.8 |
     Snake Pit |   8686 |   8077 |    609 |   2770 |   4306 |   4 | 2171.5 |
  Orcish Mines |   5196 |   4646 |    550 |   2741 |   1155 |   2 | 2598.0 |
   Elven Halls |   5518 |   4888 |    630 |   2064 |   1868 |   3 | 1839.3 |
        Vaults |  13002 |  11989 |   1013 |   4670 |   5427 |   5 | 2600.4 |
        Depths |   4872 |   4583 |    289 |   1508 |   2171 |   4 | 1218.0 |
           Zot |   7540 |   6312 |   1228 |   3310 |   1340 |   5 | 1508.0 |
       Ossuary |    411 |    411 |      0 |    237 |      0 |   1 |  411.0 |
        Bailey |    503 |    503 |      0 |    263 |     47 |   1 |  503.0 |
      Ice Cave |   1964 |   1964 |      0 |   1480 |     99 |   1 | 1964.0 |
        Wizlab |    587 |    587 |      0 |    255 |     70 |   1 |  587.0 |
      Gauntlet |    978 |    978 |      0 |    663 |    154 |   1 |  978.0 |
               +--------+--------+--------+--------+--------+-----+--------+

Top non-repeatable levels by time:
   Orc:2: 4504 daAuts
    D:11: 4244 daAuts
Vaults:4: 4234 daAuts
 Snake:4: 3552 daAuts
Vaults:2: 2958 daAuts
   Zot:2: 2826 daAuts
   Elf:2: 2636 daAuts
Shoals:4: 2441 daAuts
 Snake:2: 2356 daAuts
  Lair:6: 2302 daAuts
Vaults:1: 2266 daAuts
     D:6: 2255 daAuts
Vaults:3: 2249 daAuts
     D:9: 2174 daAuts
Depths:3: 2144 daAuts
